 Dungeon Crawl Stone Soup version 0.30-a0-782-ge64f9170bb (webtiles) character file.

Game seed: 9889305280269778684

1078 sanka the Slasher (level 7, -1/61 HPs)
             Began as a Demigod Gladiator on Feb 24, 2023.
             Succumbed to a water moccasin's poison
             ... on level 6 of the Dungeon.
             The game lasted 00:06:01 (5402 turns).

sanka the Slasher (Demigod Gladiator)               Turns: 5402, Time: 00:06:02

Health: -1/61      AC: 11    Str: 15    XL:     7   Next: 81%
Magic:  9/9        EV: 10    Int: 10    God:
Gold:   287        SH:  0    Dex: 23    Spells: 6/6 levels left

rFire   . . .      SeeInvis .    a - +0 long sword
rCold   . . .      Faith    .    (no shield)
rNeg    . . .      Spirit   .    n - +0 scale mail
rPois   .          Reflect  .    s - +2 helmet
rElec   .          Harm     .    u - +0 cloak
rCorr   +          Rampage  .    f - +0 pair of gloves
Will    .....                    (no boots)
Stlth   +                        H - amulet of the acrobat
HPRegen 0.30/turn                (no ring)
MPRegen 0.11/turn                p - ring of resist corrosion

@: lethally poisoned (-1 -> -18), flying
A: high MP 1, forlorn, divine attributes
a: no special abilities


You were on level 6 of the Dungeon.
You visited 1 branch of the dungeon, and saw 6 of its levels.

You collected 287 gold pieces.


Innate Abilities, Weirdness & Mutations

You have an increased reservoir of magic. (+10% MP)
You shall have no god before yourself.
Your divine heritage dramatically boosts your attributes as you level up.


   Skills:
 + Level 5.2 Fighting
 * Level 7.6 Long Blades
 - Level 1.7 Throwing
 - Level 2.6 Dodging


You had 6 spell levels left.
You didn't know any spells.
Your spell library contained the following spells:

 Spells                   Type           Power      Damage    Failure   Level
 Apportation              Tloc           0%         N/A       85%         1
 Freeze                   Ice            0%         1d3       85%         1
 Necrotise                Necr           0%         1d4       85%         1
 Summon Small Mammal      Summ           0%         N/A       85%         1
 Ensorcelled Hibernation  Hex/Ice        0%         N/A       94%         2
 Lesser Beckoning         Tloc           0%         N/A       94%         2
 Passwall                 Tmut/Erth      0%         N/A       94%         2
 Frozen Ramparts          Ice            0%         1d1       99%         3
 Gell's Gravitas          Tloc           0%         N/A       99%         3
 Hailstorm                Conj/Ice       0%         3d3       99%         3
 Swiftness                Air            0%         N/A       99%         3
 Teleport Other           Tloc           0%         N/A       99%         3
 Summon Forest            Summ/Tloc      0%         N/A       100%        5
 Eringya's Noxious Bog    Tmut/Pois      0%         N/A       100%        6
 Summon Hydra             Summ           0%         N/A       100%        7

Inventory:

Hand Weapons
 a - a +0 long sword (weapon)
 c - a +1 shortbow of freezing
 D - a +4 short sword of electrocution
Missiles
 d - 5 throwing nets (quivered) {=f}
 e - 14 javelins
Armour
 f - a +0 pair of gloves (worn)
 n - a +0 scale mail (worn)
 s - a +2 helmet (worn)
 u - a +0 cloak (worn)
Jewellery
 p - a ring of resist corrosion (right hand)
 H - an amulet of the acrobat (around neck)
Scrolls
 b - a scroll of immolation {unknown}
 i - 2 scrolls of butterflies {unknown}
 j - a scroll of blinking {unknown}
 k - 7 scrolls of identify {unknown}
 l - 3 scrolls of teleportation {unknown}
 o - 4 scrolls of silence {unknown}
 q - 2 scrolls of fear {unknown}
 t - a scroll of vulnerability {unknown}
 x - a scroll of brand weapon {unknown}
 y - a scroll of enchant armour {unknown}
 C - a scroll of magic mapping {unknown}
 F - a scroll of amnesia {unknown}
 G - a scroll of enchant weapon {unknown}
Potions
 g - a potion of might {unknown}
 h - a potion of brilliance {unknown}
 m - 2 potions of heal wounds {unknown}
 r - a potion of cancellation {unknown}
 v - 3 potions of curing {unknown}
 w - 2 potions of degeneration {unknown}
 z - a potion of ambrosia {unknown}
 A - 3 potions of flight
 B - a potion of mutation {unknown}
 E - 2 potions of berserk rage {unknown}

Dungeon Overview and Level Annotations

Branches:
Dungeon (6/15)
 Temple: D:4-7

Annotations:
D:6 Blork the orc

▒▒▒▒▒▒▒▒▒▒▒
▒.......<.▒
▒.........▒
▒.........▒
▒.........▒
▒.........▒▒▒
▒...........▒▒▒▒
▒.....<...▒.pSn▒
▒.........▒▒▒▒oh▒
♣♣....▒▒▒▒▒ ▒s▒
.♣.▒▒ ... ♣▒ ...
..... .... ....


You could see Blork the orc (fast), a water moccasin, a black bear, a necrophage
and a scorpion.


Message History

The water moccasin poisons you!
You closely miss the water moccasin.
The water moccasin is heavily wounded.
You feel very sick.
Blork the orc hits you but does no damage.
The water moccasin bites you.
* * * LOW HITPOINT WARNING * * *
You are lethally poisoned!
The water moccasin poisons you!
You miss the water moccasin.
The water moccasin is heavily wounded.
* * * LOW HITPOINT WARNING * * *
You feel extremely sick.
Blork the orc hits you but does no damage.
The water moccasin barely misses you.
Blork the orc screams, "I don't like you!"
Blork the orc misses you.
The water moccasin bites you but does no damage.
Unknown command.
You slash the water moccasin!
The water moccasin is almost dead.
* * * LOW HITPOINT WARNING * * *
You feel very sick. Blork the orc barely misses you.
The water moccasin bites you but does no damage.
Unknown command.
It was a potion of flight.
You feel very buoyant.
You fly up into the air.
You die...

Action                     |  1- 3 |  4- 6 |  7- 9 || total
---------------------------+-------+-------+-------++-------
  Melee: Long sword        |   134 |   247 |    56 ||   437
         Punch             |       |     4 |     1 ||     5
         Short sword       |       |     6 |       ||     6
    Use: Potion            |       |       |     1 ||     1
 Armour: Leather armour    |    35 |       |       ||    35
         Scale mail        |    32 |   143 |    35 ||   210
  Dodge: Dodged            |   101 |   152 |    45 ||   298

Levels and vault maps discovered:
D:1:      saegor_arrival_simple_d, layout_basic,
          hangedman_abyss_or_decor_lesser_grid, minmay_tetromino_t2
D:2:      layout_basic
D:3:      layout_basic, minmay_increasing_density, uniq_robin
D:4:      layout_layer_cave, okawaru_metal_pillars_3, grunt_ministairs_15,
          minivault_24, uniq_natasha
D:5:      layout_gridville
D:6:      layout_rooms, mainiacjoe_overflow_paths, uniq_blork_the_orc

Notes
Turn   | Place    | Note
-------+----------+-------------------------------------------
     0 | D:1      | sanka the Demigod Gladiator began the quest for the Orb.
     0 | D:1      | Reached XP level 1. HP: 17/17 MP: 3/3
    56 | D:1      | Reached skill level 3 in Long Blades
    57 | D:1      | Reached skill level 2 in Fighting
    83 | D:1      | Reached XP level 2. HP: 24/24 MP: 4/4
   573 | D:1      | Reached XP level 3. HP: 30/30 MP: 5/5
   945 | D:2      | Reached skill level 4 in Long Blades
  1734 | D:3      | Noticed Robin
  1774 | D:2      | Killed Robin
  1775 | D:2      | Reached XP level 4. HP: 33/37 MP: 6/6
  2243 | D:3      | Reached skill level 3 in Fighting
  2522 | D:3      | Reached XP level 5. HP: 36/45 MP: 7/7
  2674 | D:4      | Reached skill level 5 in Long Blades
  2853 | D:4      | Noticed Natasha
  2871 | D:4      | Killed Natasha
  2872 | D:4      | Reached XP level 6. HP: 26/52 MP: 8/8
  3112 | D:4      | Noticed Natasha
  3145 | D:4      | Killed Natasha
  3146 | D:4      | Reached skill level 4 in Fighting
  3488 | D:4      | Reached skill level 6 in Long Blades
  3880 | D:4      | Noticed Natasha
  3886 | D:4      | Killed Natasha
  4355 | D:5      | Entered Level 5 of the Dungeon
  4525 | D:5      | Reached XP level 7. HP: 20/60 MP: 9/9
  4825 | D:5      | Reached skill level 7 in Long Blades
  5274 | D:6      | Reached skill level 5 in Fighting
  5378 | D:6      | Noticed Blork the orc
  5401 | D:6      | HP: 3/61 [poisoned by a water moccasin]
  5402 | D:6      | Succumbed to a water moccasin's poison

Vanquished Creatures
  A water moccasin (D:6)
  2 centaurs (D:5)
  A phantom (D:4)
  A bullfrog (D:4)
  A scorpion (D:6)
  3 hounds
  A jelly (D:6)
  Natasha (thrice) (D:4)
  4 iguanas
  Robin (D:2)
  10 gnolls
  7 adders
  An ufetubus (D:5)
  A worm (D:2)
  A dart slug (D:4)
  8 orcs
  5 bats
  7 endoplasms
  3 giant cockroaches
  18 goblins
  15 hobgoblins
  7 jackals
  10 kobolds
  4 quokkas
  9 ball pythons
  7 frilled lizards
  9 rats
140 creatures vanquished.

Vanquished Creatures (others)
  An orc wizard (D:4)
1 creature vanquished.

Grand Total: 141 creatures vanquished
